Map: Romanticide LE

Players

DPGDark (Dark)

  • Race: Zerg Zerg
  • League: Master
  • Spawn Location: 11:00

Rogue - Winner!

  • Race: Zerg Zerg
  • Spawn Location: 5:00

Event: TSL 6

VOD

Have the link to the VOD?

Description

Time

  • Played on: Dec. 19, 2020, 11:10 a.m.
  • Length: 9:42

All games in this series

Show
View Real Time Build Order
Export as new Build Order

DPGDark Zerg 

Build Orders: Hatch First, Muta Ling Bane 

Get SALT Encoding   

  12  0:00  Drone  
  13  0:12  Overlord  
  13  0:17  Drone  
  14  0:30  Drone  
  14  0:31  Drone  
  16  0:48  Hatchery  
  15  0:52  Drone  
  15  0:55  Drone  
  17  0:59  Drone  
  18  1:09  Extractor  
  17  1:14  Spawning Pool  
  17  1:16  Drone  
  17  1:20  Drone  
  18  1:28  Drone  
  19  1:38  Drone  
  20  1:49  Drone  
  22  2:01  Drone x2  
  22  2:02  Queen x2  
  27  2:11  Overlord  
  27  2:13  Metabolic Boost  
  27  2:14  Drone  
  28  2:30  Drone x2  
  28  2:34  Zergling x2  
  28  2:35  Hatchery  
  30  2:38  Drone  
  31  2:44  Queen  
  33  2:53  Baneling Nest  
  33  2:56  Overlord  
  33  2:57  Drone  
  33  3:01  Drone  
  33  3:05  Drone  
  35  3:08  Zergling x2  
  36  3:16  Drone x4  
  36  3:17  Overlord  
  40  3:21  Zergling x2  
  40  3:23  Zergling x2  
  42  3:28  Drone  
  44  3:34  Drone  
  44  3:38  Baneling x2  
  44  3:41  Zergling x4  
  46  3:42  Baneling x2  
  46  3:49  Zergling x4, Drone  
  46  3:52  Lair  
  46  3:54  Drone x3  
  51  3:56  Extractor  
  51  3:58  Drone x2  
  51  4:01  Drone  
  53  4:03  Drone x2  
  53  4:05  Drone  
  53  4:08  Drone  
  53  4:09  Drone  
  58  4:11  Overlord  
  58  4:18  Evolution Chamber  
  58  4:19  Roach Warren  
  58  4:20  Extractor, Drone  
  58  4:21  Extractor, Drone  
  56  4:27  Overlord  
  56  4:29  Drone  
  57  4:31  Drone x2  
  57  4:33  Drone x2  
  57  4:35  Drone  
  61  4:39  Drone x2  
  61  4:43  Zerg Missile Weapons Level 1  
  63  4:46  Drone x3  
  63  4:48  Drone  
  63  4:51  Overseer  
  67  4:53  Drone x2  
  68  5:01  Overlord  
  68  5:03  Roach x3  
  68  5:04  Glial Reconstitution  
  74  5:13  Overlord  
  73  5:15  Overlord  
  73  5:17  Overlord  
  73  5:21  Drone  
  73  5:22  Drone x5  
  73  5:26  Drone  
  80  5:29  Drone  
  80  5:34  Spire  
  80  5:37  Drone x3  
  80  5:39  Drone x2  
  80  5:40  Extractor  
  80  5:41  Extractor  
  83  5:49  Drone x4  
  87  5:52  Overlord  
  87  5:55  Overlord  
  87  5:56  Overlord  
  87  5:57  Overlord  
  87  5:58  Roach x2  
  91  6:09  Overlord  
  91  6:10  Roach x2, Hatchery  
  94  6:12  Roach  
  94  6:16  Roach x2  
  100  6:20  Overlord  
  100  6:23  Evolution Chamber  
  100  6:24  Roach x2  
  100  6:25  Roach  
  105  6:26  Roach  
  105  6:29  Roach x2  
  105  6:30  Roach  
  113  6:33  Roach x2  
  113  6:37  Zerg Missile Weapons Level 2  
  117  6:46  Mutalisk x2  
  117  6:47  Mutalisk x3  
  117  6:48  Mutalisk  
  117  6:51  Drone  
  117  6:52  Drone  
  117  6:53  Drone  
  132  6:56  Zerg Ground Armor Level 1  
  132  7:01  Centrifical Hooks  
  132  7:03  Overlord  
  132  7:04  Overlord  
  132  7:09  Drone x5  
  136  7:19  Overlord  
  136  7:21  Roach x3  
  136  7:22  Extractor, Roach  
  143  7:24  Roach x2  
  143  7:26  Roach x2  
  143  7:28  Roach  
  153  7:31  Roach x2  
  153  7:33  Roach  
  159  7:38  Roach x3  
  159  7:43  Ravager x2  
  159  7:44  Ravager x2  
  169  7:46  Roach x4  
  169  7:49  Overlord  
  177  7:55  Roach  
  177  7:56  Roach x2  
  183  7:59  Overlord  
  183  8:00  Overlord x2  
  183  8:06  Overlord  
  183  8:07  Overlord  
  183  8:12  Overlord  
  183  8:18  Roach x7  
  183  8:19  Roach x2  
  199  8:23  Roach  
  199  8:25  Roach  
  187  8:27  Roach x3  
  187  8:29  Roach x2  
  187  8:30  Roach  
  187  8:33  Roach x2  
  192  8:37  Roach x3  
  167  8:42  Roach x2  
  167  8:43  Roach  
  167  8:46  Roach  
  167  8:48  Roach  
  138  8:50  Roach  
  108  8:58  Roach  
  108  8:59  Roach  
  108  9:00  Roach x3  
  108  9:02  Roach  
  98  9:04  Roach  
  98  9:07  Roach x2  
  96  9:10  Roach  
  96  9:11  Roach  
  96  9:14  Roach  
  96  9:16  Roach  
  94  9:18  Roach  
  94  9:19  Roach  
Show
View Real Time Build Order
Export as new Build Order

Rogue Zerg - Winner!

Build Orders: Hatch First, Roach Hydra 

Get SALT Encoding   

  12  0:00  Drone  
  13  0:12  Overlord  
  13  0:16  Drone  
  14  0:30  Drone  
  14  0:31  Drone  
  16  0:48  Hatchery  
  15  0:50  Drone  
  15  0:54  Drone  
  17  0:57  Drone  
  18  1:08  Extractor  
  17  1:11  Spawning Pool  
  17  1:15  Drone  
  17  1:19  Drone  
  18  1:28  Drone  
  19  1:38  Drone  
  20  1:49  Drone  
  21  1:59  Queen x2  
  21  2:00  Zergling x2, Overlord  
  26  2:09  Metabolic Boost  
  26  2:10  Drone  
  26  2:11  Drone  
  28  2:22  Drone x2  
  30  2:32  Hatchery  
  30  2:34  Drone  
  30  2:38  Drone  
  30  2:43  Queen  
  33  2:49  Baneling Nest  
  32  2:52  Overlord  
  32  2:55  Zergling x2  
  32  2:58  Drone  
  34  3:04  Overlord  
  34  3:07  Zergling x2  
  34  3:08  Drone  
  36  3:13  Zergling x6  
  39  3:24  Drone x3, Evolution Chamber  
  41  3:30  Drone  
  41  3:31  Drone  
  41  3:32  Baneling  
  43  3:37  Drone  
  44  3:43  Drone  
  44  3:44  Drone x4  
  49  3:48  Drone  
  49  3:51  Zerg Missile Weapons Level 1  
  49  3:53  Overlord  
  50  4:03  Overlord  
  50  4:07  Roach Warren  
  50  4:09  Drone  
  50  4:13  Drone x5  
  50  4:14  Drone  
  56  4:18  Drone x2  
  56  4:23  Lair  
  58  4:27  Drone x3  
  58  4:30  Drone x2  
  58  4:31  Drone  
  64  4:33  Extractor  
  64  4:35  Extractor  
  64  4:36  Drone x3  
  64  4:39  Overlord  
  64  4:45  Baneling x2  
  64  4:46  Baneling  
  64  4:49  Overlord  
  64  4:51  Zergling x2  
  65  4:59  Drone  
  66  5:00  Drone  
  66  5:01  Drone x7  
  74  5:07  Extractor  
  74  5:08  Extractor  
  74  5:09  Extractor  
  74  5:11  Overlord  
  71  5:16  Drone x8  
  78  5:25  Roach  
  78  5:26  Roach  
  81  5:29  Roach  
  81  5:30  Roach x3  
  89  5:36  Glial Reconstitution  
  89  5:38  Overlord  
  89  5:41  Overlord  
  89  5:42  Overseer x2  
  89  5:47  Overlord x2  
  89  5:50  Zerg Missile Weapons Level 2  
  89  5:52  Hatchery  
  88  5:57  Roach x4  
  88  5:58  Spine Crawler x2  
  88  5:59  Spine Crawler, Roach  
  95  6:07  Pneumatized Carapace  
  98  6:12  Overlord, Drone  
  98  6:14  Hydralisk Den, Roach x2  
  98  6:15  Roach x2  
  106  6:20  Overlord  
  106  6:22  Roach  
  106  6:23  Roach x3  
  114  6:26  Overlord  
  114  6:30  Overlord  
  114  6:32  Overlord  
  114  6:36  Overlord  
  114  6:46  Grooved Spines, Hydralisk  
  116  6:47  Hydralisk x5  
  116  6:53  Hydralisk  
  116  6:54  Hydralisk  
  126  6:55  Overlord  
  126  6:56  Hydralisk  
  132  7:02  Hydralisk x2  
  132  7:07  Roach x3, Spore Crawler  
  141  7:08  Spore Crawler  
  141  7:09  Spore Crawler  
  141  7:14  Roach x3  
  141  7:15  Roach x2  
  149  7:17  Roach  
  149  7:18  Roach  
  149  7:20  Roach  
  155  7:23  Roach x2  
  155  7:25  Roach  
  155  7:27  Roach  
  155  7:29  Roach  
  167  7:30  Roach  
  167  7:33  Overlord  
  167  7:35  Overlord  
  167  7:36  Overlord  
  167  7:39  Overlord  
  167  7:44  Overlord  
  166  7:52  Roach x4  
  166  7:55  Roach x2  
  166  7:57  Muscular Augments, Ravager x2  
  166  7:58  Ravager  
  181  7:59  Roach  
  181  8:00  Roach  
  181  8:02  Roach  
  181  8:05  Roach x2  
  191  8:08  Roach x2  
  191  8:10  Roach  
  191  8:11  Roach  
  197  8:22  Roach  
  197  8:25  Roach x3  
  195  8:33  Roach  
  182  8:34  Roach x8  
  182  8:39  Roach x3  
  194  8:43  Roach x2  
  194  8:45  Roach  
  177  8:49  Roach  
  177  8:50  Roach x2  
  177  8:52  Roach  
  167  8:56  Roach x2  
  167  8:59  Roach  
  167  9:00  Roach  
  167  9:01  Roach  
  153  9:04  Roach  
  153  9:07  Roach x2  
  147  9:11  Roach  
  147  9:13  Roach x2  
  144  9:18  Roach x2  
Tags
 
Add a new tag
Caveats
  • Supply blocks, unpowered buildings, or Contaminate may cause inaccurate times.
  • Supply counts are checked every 10 seconds.